 Dungeon Crawl Stone Soup version 0.30-a0-743-gbfdf073431 (webtiles) character file.

Game seed: 10243026061274347967

4018 Leeroy the Carver (level 10, -1/46 HPs)
             Began as a Vine Stalker Warper on Feb 6, 2023.
             Was a Priest of Uskayaw.
             Slain by a death yak (20 damage)
             ... on level 8 of the Dungeon.
             The game lasted 00:09:28 (5945 turns).

Leeroy the Carver (Vine Stalker Warper)             Turns: 5945, Time: 00:09:29

Health: -1/46      AC: 11    Str: 15    XL:     10   Next: 23%
Magic:  0/14       EV: 14    Int: 16    God:    Uskayaw [***...]
Gold:   406        SH:  5    Dex: 20    Spells: 4/13 levels left

rFire   . . .      SeeInvis .    E - +6 long sword of Sudden Death {freeze, Dex+3}
rCold   . . .      Faith    .    (no shield)
rNeg    . . .      Spirit   +    M - +0 acid dragon scales
rPois   .          Reflect  +    l - +0 helmet
rElec   .          Harm     .    (no cloak)
rCorr   +          Rampage  .    g - +0 pair of gloves
Will    +....                    H - +0 pair of boots
Stlth   +                        q - amulet "Ithrorha" {Reflect rCorr Int+3 SH+5}
HPRegen 1.07/turn                r - ring of resist corrosion
MPRegen 0.14/turn                P - ring of wizardry

@: no status effects
A: fangs 3, regeneration 1, magic shield, antimagic bite, no potion heal 2
a: Renounce Religion, Stomp, Line Pass


You were on level 8 of the Dungeon.
You worshipped Uskayaw.
Uskayaw was noncommittal.
You visited 2 branches of the dungeon, and saw 9 of its levels.

You collected 428 gold pieces.
You spent 22 gold pieces at shops.

Inventory:

Hand Weapons
 a - a +0 falchion
 t - a +1 short sword of venom
 C - a +2 dagger of draining
 E - the +6 long sword of Sudden Death (weapon) {freeze, Dex+3}
   (You found it on level 5 of the Dungeon)

   Dex:       It affects your dexterity (+3).
 K - a +2 whip of freezing
 L - a +1 long sword of flaming
 S - a +2 falchion of freezing
Missiles
 d - 7 boomerangs of dispersal
 e - 38 poisoned darts (quivered)
 u - 2 boomerangs
 D - a curare-tipped dart
Armour
 b - a +0 leather armour
 g - a +0 pair of gloves (worn)
 l - a +0 helmet (worn)
 H - a +0 pair of boots (worn)
 M - +0 acid dragon scales (worn)
Magical Staves
 o - a staff of death
Jewellery
 q - the amulet "Ithrorha" (around neck) {Reflect rCorr Int+3 SH+5}
   (You found it on level 3 of the Dungeon)

   [amulet of reflection]

   It reflects blocked missile attacks.
   Int:       It affects your intelligence (+3).
   rCorr:     It protects you from acid and corrosion.
   SH:        It affects your SH (+5).
 r - a ring of resist corrosion (left hand)
 N - a +6 ring of strength
 P - a ring of wizardry (right hand)
Wands
 y - a wand of polymorph (19)
 I - a wand of light (7)
 Q - a wand of roots (11)
 V - a wand of mindburst (20)
Scrolls
 c - a scroll of blinking
 m - 2 scrolls of poison
 n - 5 scrolls of teleportation
 s - a scroll of amnesia
 v - 2 scrolls of enchant armour {unknown}
 F - 6 scrolls of identify
 J - a scroll of brand weapon {unknown}
 O - a scroll of immolation {unknown}
 T - a scroll of butterflies {unknown}
 U - a scroll of torment {unknown}
Potions
 f - 3 potions of curing
 h - 3 potions of haste
 i - a potion of resistance
 j - 2 potions of cancellation
 k - 2 potions of flight {unknown}
 p - a potion of heal wounds {unknown}
 w - 2 potions of might
 x - a potion of degeneration {unknown}
 z - 3 potions of lignification
 A - a potion of invisibility {unknown}
 B - a potion of ambrosia {unknown}
 G - a potion of attraction {unknown}
 R - a potion of mutation {unknown}


   Skills:
 - Level 1.7 Fighting
 - Level 10.5 Long Blades
 - Level 0.8 Throwing
 - Level 6.0 Armour
 + Level 4.7 Dodging
 - Level 2.1 Spellcasting
 - Level 3.0 Translocations
 - Level 0.1 Air Magic


You had 4 spell levels left.
You knew the following spells:

 Your Spells              Type           Power      Damage    Failure   Level
a - Blink                 Tloc           22%        N/A       4%          2
b - Manifold Assault      Tloc           11%        N/A       32%         4
c - Vhi's Electric Charg  Tloc/Air       12%        N/A       17%         3

Your spell library contained the following spells:

 Spells                   Type           Power      Damage    Failure   Level
 Apportation              Tloc           22%        N/A       3%          1
 Lesser Beckoning         Tloc           22%        N/A       4%          2
 Teleport Other           Tloc           11%        N/A       10%         3
 Cigotuvi's Dreadful Rot  Necr/Pois/Air  2%         N/A       16%         2
 Poisonous Vapours        Pois/Air       2%         N/A       16%         2
 Scorch                   Fire           2%         2d5       16%         2
 Kindle Blastsparks       Fire/Tloc/Air  10%        2d10      22%         3
 Mephitic Cloud           Conj/Pois/Air  1%         N/A       32%         3
 Tukima's Dance           Hex            1%         N/A       32%         3
 Passage of Golubria      Tloc           11%        N/A       32%         4
 Iskenderun's Mystic Bla  Conj/Tloc      6%         2d4       50%         4
 Flame Wave               Conj/Fire      1%         2d4       69%         4
 Fulminant Prism          Conj/Hex       0%         3d5       69%         4
 Alistair's Intoxication  Tmut/Pois      0%         N/A       95%         5
 Lee's Rapid Deconstruct  Erth           0%         3d4*      95%         5
 Yara's Violent Unravell  Hex/Tmut       0%         3d3       95%         5
 Summon Cactus Giant      Summ           0%         N/A       100%        6


Dungeon Overview and Level Annotations

Branches:
Dungeon (8/15)             Temple (1/1) D:4
   Lair: D:8-11

Altars:
Ashenzari
Cheibriados
Dithmenos
Elyvilon
Fedhas
Gozag
Hepliaklqana
Kikubaaqudgha
Makhleb
Nemelex Xobeh
Okawaru
Qazlal
Ru
Sif Muna
Uskayaw
Vehumet
Wu Jian
Xom
Yredelemnul
Zin
The Shining One

Shops:
D:3 *   D:6 =(   D:8 *

Annotations:
D:5 3 runed translucent doors, ThereIsNoGod's ghost, novice OpFi


Innate Abilities, Weirdness & Mutations

You have razor-sharp teeth.
Your natural rate of healing is unusually fast.
When hurt, damage is shared between your health and your magic reserves.
Your bite disrupts and absorbs the magic of your enemies.
Potions cannot restore your health.


Message History

A river rat comes into view.
There are monsters nearby!
There are monsters nearby!
A rat comes into view.
A death yak comes into view.
The bullfrog swells and bulges.
The death yak misses you.
You slash the death yak! You freeze the death yak.
You bite the death yak, but do no damage.
The death yak is lightly wounded.
The death yak closely misses you.
You hit the death yak but do no damage. You bite the death yak.
You drain its power.
The death yak is moderately wounded.
The death yak gores you!!
You slash the death yak! You freeze the death yak.
You bite the death yak, but do no damage.
The death yak is heavily wounded.
The death yak misses you.
You can now pass through a line of other dancers.
You hit the death yak. You freeze the death yak.
Your bite misses the death yak.
The death yak is heavily wounded.
The death yak gores you.
A death yak comes into view.
The death yak bellows!
You hit the death yak. You freeze the death yak.
The death yak is heavily wounded.
You slash the death yak! You freeze the death yak.
You bite the death yak, but do no damage.
The death yak is severely wounded.
The death yak gores you!
Uskayaw will force your foes to helplessly watch your dance.
Uskayaw prepares the audience for your solo!
You are too injured to fight recklessly!
You are too injured to fight recklessly!
The helpless death yak fails to defend itself.
You slash the death yak! You freeze the death yak.
The death yak is almost dead.
The death yak is no longer paralysed. x3; The death yak gores you!!
You die...

.# #...#.... .# #...#....
.## #...#.... ..... ..#
#...#.... .....
##....####........ ....r##
#.. #........).... .Y.....
#.# #####...#.... ....r..
#.# #........ ....r.. #@#
###........ .......##Y#
##......##..
.###.rYY#####...#...#...
#.....rFr..#....##..#...#
..###.......#.#.###.......
####........#.###...#...
..##..........#...###...
...............#.# #...
##.........###...####.#


You could see 3 death yaks, a bullfrog (paralysed), a river rat (paralysed) and
a quokka (paralysed).

Vanquished Creatures
  Pikel (D:7)
  Maggie (D:7)
  5 yaks
  Duvessa (D:7)
  3 water moccasins
  A black bear (D:6)
  An orc warrior (D:8)
  An ice beast (D:5)
  4 sky beasts
  An ogre (D:7)
  A phantom (D:5)
  3 lemures
  5 kobold brigands
  A necrophage (D:7)
  A scorpion (D:5)
  Dowan (D:7)
  6 killer bees (D:7)
  A hound (D:5)
  A jelly (D:4)
  2 gnoll boudas
  2 orc priests
  5 iguanas
  An orc wizard (D:7)
  10 adders
  6 gnolls
  2 white imps
  2 worms
  A dart slug (D:2)
  21 orcs
  6 endoplasms
  3 giant cockroaches
  2 goblins
  5 hobgoblins
  8 jackals
  33 kobolds
  2 quokkas
  8 ball pythons
  6 bats
  10 frilled lizards
  4 rats
178 creatures vanquished.

Vanquished Creatures (others)
  4 plants (D:2)
4 creatures vanquished.

Grand Total: 182 creatures vanquished

Notes
Turn   | Place    | Note
-------+----------+-------------------------------------------
     0 | D:1      | Leeroy the Vine Stalker Warper began the quest for the Orb.
     0 | D:1      | Reached XP level 1. HP: 11/11 MP: 4/4
   186 | D:1      | Reached skill level 2 in Long Blades
   812 | D:2      | Found a glowing golden altar of the Shining One.
   832 | D:2      | Reached XP level 2. HP: 12/15 MP: 3/6
   911 | D:2      | Reached skill level 3 in Long Blades
   940 | D:2      | Reached XP level 3. HP: 5/18 MP: 4/7
  1175 | D:2      | Gained mutation: Your natural rate of healing is unusually
                  | fast. [Vine Stalker growth]
  1175 | D:2      | Reached XP level 4. HP: 19/23 MP: 5/8
  1209 | D:2      | You fall into a shaft and drop 2 floors!
  1232 | D:4      | Reached skill level 4 in Long Blades
  1657 | D:3      | Found an ornate altar of the Wu Jian Council.
  1684 | D:3      | Found Epuilola's General Store.
  1694 | D:3      | Bought a scroll of identify for 22 gold pieces
  1928 | D:3      | Reached XP level 5. HP: 26/26 MP: 9/9
  2199 | D:3      | Found a radiant altar of Vehumet.
  2239 | D:3      | Identified the amulet "Ithrorha" {Reflect rCorr Int+3 SH+5}
  2479 | D:4      | Reached skill level 5 in Long Blades
  2705 | D:4      | Found a staircase to the Ecumenical Temple.
  2826 | D:4      | Found a broken altar of Ashenzari.
  2901 | Temple   | Entered the Ecumenical Temple
  3009 | Temple   | Became a worshipper of Uskayaw the Reveller
  3108 | D:4      | Reached * piety under Uskayaw
  3158 | D:5      | Entered Level 5 of the Dungeon
  3195 | D:5      | Reached ** piety under Uskayaw
  3200 | D:5      | Reached XP level 6. HP: 10/30 MP: 1/10
  3426 | D:5      | Noticed an ice beast
  3446 | D:5      | Reached *** piety under Uskayaw
  3464 | D:5      | Reached **** piety under Uskayaw
  3468 | D:5      | Reached skill level 6 in Long Blades
  3468 | D:5      | Reached ***** piety under Uskayaw
  3488 | D:5      | Reached ****** piety under Uskayaw
  3489 | D:5      | Killed an ice beast
  3490 | D:5      | Reached XP level 7. HP: 15/34 MP: 11/11
  3520 | D:5      | Learned a level 2 spell: Blink
  3525 | D:5      | Learned a level 4 spell: Manifold Assault
  3529 | D:5      | Learned a level 3 spell: Vhi's Electric Charge
  3720 | D:5      | Found a runed translucent gate.
  3720 | D:5      | Noticed ThereIsNoGod's ghost (novice OpFi)
  3720 | D:5      | Identified the +0 chain mail of Fyepobey {rElec Int+4
                  | Slay-6}
  3721 | D:5      | Found a runed translucent gate.
  3722 | D:5      | Found a runed translucent gate.
  3803 | D:5      | Reached skill level 7 in Long Blades
  3928 | D:5      | Identified the +6 long sword of Sudden Death {freeze,
                  | Dex+3}
  4110 | D:6      | Found Nonleat's Jewellery Boutique.
  4202 | D:6      | Found Salimeno's Weapon Boutique.
  4438 | D:6      | Reached skill level 8 in Long Blades
  4438 | D:6      | Gained mutation: You have razor-sharp teeth. [Vine Stalker
                  | growth]
  4438 | D:6      | Reached XP level 8. HP: 37/38 MP: 12/12
  4891 | D:7      | Noticed Pikel
  4930 | D:6      | Reached skill level 9 in Long Blades
  4936 | D:7      | Killed Pikel
  4937 | D:7      | Reached XP level 9. HP: 34/42 MP: 10/13
  5021 | D:7      | Noticed Dowan
  5021 | D:7      | Noticed Duvessa
  5033 | D:7      | Killed Duvessa
  5034 | D:7      | Reached skill level 10 in Long Blades
  5039 | D:7      | Killed Dowan
  5116 | D:7      | Noticed Maggie
  5123 | D:7      | Killed Maggie
  5167 | D:7      | Reached skill level 1 in Armour
  5634 | D:8      | Reached XP level 10. HP: 46/46 MP: 14/14
  5645 | D:7      | Reached skill level 5 in Armour
  5752 | D:8      | Found Ziroliza's Changing Room.
  5929 | D:8      | Noticed a death yak
  5931 | D:8      | Noticed a death yak
  5942 | D:8      | Noticed a death yak
  5945 | D:8      | Slain by a death yak

Illustrated notes

Levels and vault maps discovered:
D:1:      sevenhm_arrival_forest_fort_small_3, layout_basic
D:2:      layout_rooms, basic_altar, minmay_lizard_king
D:3:      minmay_skewed_foursquare, layout_basic, mainiacjoe_overflow_paths,
          lemuel_crystal_altar, serial_shops, nicolae_diamond_shop,
          hangedman_abyss_or_decor_lesser_grid
D:4:      layout_rooms, general_overflow_altar, temple_hall
D:5:      minmay_spotlight, layout_basic, biasface_ghost_orc_armoury,
          dk_vineyard_1
D:6:      layout_loops_ring, serial_shops, shop, nicolae_take_the_stairs
D:7:      layout_rooms, uniq_duvessa, uniq_maggie, uniq_pikel
D:8:      layout_rooms, dpeg_lair_monsters, nicolae_transmutations_shop
Temple:   mainiacjoe_temple_coin_purse

Skill      XL: |  1  2  3  4  5  6  7  8  9 10 |
---------------+-------------------------------+-----
Long Blades    | 2 3 4 5 6 8 9 10 | 10.5
Dodging        | 2 4 |  4.7
Armour         | 4 6 |  6.0
Fighting       | |  1.7
Throwing       | |  0.8
Spellcasting   | |  2.1
Translocations | |  3.0
Air Magic      | |  0.1

Action                     |  1- 3 |  4- 6 |  7- 9 | 10-12 || total
---------------------------+-------+-------+-------+-------++-------
  Melee: Falchion          |    93 |   193 |    50 |       ||   336
         Bite              |    26 |    53 |    52 |    22 ||   153
         Punch             |       |     2 |     2 |       ||     4
         Long sword        |       |       |   155 |    54 ||   209
  Throw: Dart              |       |       |     3 |       ||     3
   Cast: Vhi's Electric Ch |       |       |     1 |       ||     1
    Use: Potion            |     3 |       |       |       ||     3
         Scroll            |       |     6 |     1 |       ||     7
   Stab: Sleeping          |       |     1 |       |       ||     1
         Paralysed         |       |     3 |    18 |     4 ||    25
 Armour: Leather armour    |    48 |    57 |    41 |       ||   146
         Skin              |    17 |       |       |       ||    17
         Acid dragon scale |       |       |    15 |    12 ||    27
  Dodge: Dodged            |    66 |   114 |   105 |    28 ||   313
  Block: Other             |       |    14 |    52 |    12 ||    78
         Reflection        |       |       |     4 |       ||     4

Table legend: (Time is in decaauts)
 A = Elapsed time spent in this place.
 B = Non-inter-level travel time spent in this place.
 C = Inter-level travel time spent in this place.
 D = Time resting spent in this place.
 E = Time spent auto-exploring this place.
 F = Levels seen in this place.
 G = Mean time per level.
                   A        B        C        D        E       F      G
               +--------+--------+--------+--------+--------+-----+--------+
         Total |   5942 |   5500 |    442 |    182 |   4026 |   9 |  660.2 |
       Dungeon |   5822 |   5400 |    422 |    182 |   3942 |   8 |  727.8 |
        Temple |    120 |    100 |     20 |      0 |     84 |   1 |  120.0 |
               +--------+--------+--------+--------+--------+-----+--------+

Top non-repeatable levels by time:
     D:3: 1012 daAuts
     D:5: 803 daAuts
     D:1: 801 daAuts
     D:6: 768 daAuts
     D:4: 759 daAuts
     D:7: 689 daAuts
     D:2: 583 daAuts
     D:8: 403 daAuts
  Temple: 120 daAuts
